 Dungeon Crawl Stone Soup version 0.29.0-7-g18a832c13a (webtiles) character file.

Game seed: 6694847104158678852

4153 Pooter the Cleaver (level 10, 0/86 HPs)
             Began as a Minotaur Berserker on Aug 30, 2022.
             Was an Elder of Trog.
             Killed from afar by an electric eel (13 damage)
             ... with a bolt of electricity
             ... on level 8 of the Dungeon.
             The game lasted 00:45:21 (8700 turns).

Pooter the Cleaver (Minotaur Berserker)             Turns: 8700, Time: 00:45:22

Health: 0/86       AC: 14    Str: 24    XL:     10   Next: 7%
Magic:  9/9        EV: 10    Int:  6    God:    Trog [****..]
Gold:   368        SH:  3    Dex: 10    Spells: 9/9 levels left

rFire   . . .      SeeInvis .   a - +2 war axe
rCold   . . .      Faith    .   l - +0 buckler
rNeg    . . .      Spirit   .   G - +2 plate armour
rPois   +          Reflect  .   (helmet restricted)
rElec   .          Harm     .   (no cloak)
rCorr   .          Rampage  .   j - +0 pair of gloves
Will    .....                   (no boots)
Stlth   ..........              (no amulet)
HPRegen 0.24/turn               P - ring of poison resistance
MPRegen 0.11/turn               F - +4 ring of evasion

@: no status effects
A: horns 2, retaliatory headbutt
a: Renounce Religion, Berserk, Trog's Hand, Brothers in Arms


You were on level 8 of the Dungeon.
You worshipped Trog.
Trog was greatly pleased with you.
You visited 1 branch of the dungeon, and saw 8 of its levels.

You collected 368 gold pieces.

Inventory:

Hand Weapons
 a - a +2 war axe (weapon)
   (You took it off an orc on level 4 of the Dungeon)
 b - a +1 sling
   (You found it on level 2 of the Dungeon)
 k - a +0 shortbow
   (You took it off a centaur on level 6 of the Dungeon)
 q - a +2 whip of venom
   (You took it off a gnoll on level 3 of the Dungeon)
 C - the +6 spear "Bus Ges" {freeze, Int+4}
   (You found it on level 5 of the Dungeon)

   It freezes those it strikes, dealing additional cold damage.
   It can also slow down cold-blooded creatures.
   Int:       It affects your intelligence (+4).
 E - a +0 vorpal trident
   (You took it off an orc warrior on level 7 of the Dungeon)
 J - a +4 morningstar
   (You took it off a wight on level 7 of the Dungeon)
Missiles
 e - 13 poisoned darts (quivered)
 o - 5 atropa-tipped darts
 r - 3 throwing nets {!f}
 A - 5 boomerangs
 B - 3 javelins
 Q - 105 stones
Armour
 j - a +0 pair of gloves (worn)
   (You found it on level 1 of the Dungeon)
 l - a +0 buckler (worn)
   (You found it on level 5 of the Dungeon)
 G - a +2 plate armour (worn)
   (You took it off a gnoll on level 5 of the Dungeon)
Jewellery
 F - a +4 ring of evasion (right hand)
   (You found it on level 5 of the Dungeon)
 P - a ring of poison resistance (left hand)
   (You found it on level 3 of the Dungeon)
Wands
 u - a wand of paralysis (9)
   (You found it on level 3 of the Dungeon)
 z - a wand of polymorph (8)
   (You found it on level 3 of the Dungeon)
Scrolls
 f - 2 scrolls of magic mapping
 g - 2 scrolls of noise {!r}
 t - a scroll of teleportation {@r4}
 w - a scroll of brand weapon {unknown}
 y - a scroll of vulnerability {unknown}
 H - a scroll of fog {unknown}
 I - a scroll of immolation {!r}
 K - a scroll of fear {unknown}
Potions
 c - 6 potions of curing {@q1}
 d - a potion of attraction {unknown}
 i - a potion of might {unknown}
 m - a potion of lignification {unknown}
 n - 4 potions of brilliance {unknown}
 p - 2 potions of heal wounds {unknown}
 s - a potion of resistance {unknown}
 v - 2 potions of flight {unknown}
 x - a potion of berserk rage {unknown}
 D - 2 potions of mutation {unknown}


   Skills:
 + Level 7.4 Fighting
 * Level 11.2 Axes
 * Level 9.4 Ranged Weapons
 - Level 2.4 Armour
 - Level 2.1 Dodging
 + Level 4.8 Evocations


You had 9 spell levels left.
You didn't know any spells.
Your spell library was empty.

Dungeon Overview and Level Annotations

Branches:
Dungeon (8/15)             Temple (0/1) D:4            Lair (0/5) D:8

Altars:
Cheibriados
Hepliaklqana
Makhleb
Wu Jian


Innate Abilities, Weirdness & Mutations

You have a pair of horns on your head.
You reflexively headbutt those who attack you in melee.


Message History

The hound barks!
You hit Maggie but do no damage.
A hound comes into view.
Maggie says, "Did Master Lance send you?"
Maggie casts a spell at you. The bolt of fire hits you!
The hound barks!
You slash Maggie! You headbutt Maggie!
A hound comes into view.
Maggie hits you with a +0 glaive!
You closely miss Maggie. You headbutt Maggie! Maggie hits you with a +0 glaive.
* * * LOW HITPOINT WARNING * * *
You are too mesmerised to rage.
You hit Maggie but do no damage. You headbutt Maggie.
Maggie hits you with a +0 glaive!
* * * LOW HITPOINT WARNING * * *
You hit Maggie. You barely miss the hound.
The hound bites you but does no damage. You block Maggie's attack.
You hit Maggie. You closely miss the hound. You block the hound's attack.
The hound barely misses you.
Unknown command.
You hit Maggie. You headbutt Maggie.
You are no longer entranced.
You kill Maggie!
Trog accepts your kill.
Trog appreciates your killing of a magic user.
You hit the hound. You miss the hound. The hound closely misses you.
The hound misses you. x2
You hit the wight but do no damage. You barely miss the hound.
You hit the hound but do no damage. The hound closely misses you.
You furiously retaliate!
You headbutt the hound! You block the wight's attack. The hound bites you.
* * * LOW HITPOINT WARNING * * *
The hound barely misses you. x2; You furiously retaliate!
You headbutt the hound!
Blink to where?
Found a scroll of teleportation.
Found a stone staircase leading up.
As you read the scroll of blinking, it crumbles to dust.
An electric eel comes into view.
An electric eel comes into view.
The electric eel shoots out a bolt of lightning at you!
The bolt of electricity hits you!
* * * LOW HITPOINT WARNING * * *
The hound pauses to sniff the ground.
The electric eel shoots out a bolt of lightning at you!
The bolt of electricity hits you.
* * * LOW HITPOINT WARNING * * *
The electric eel shoots out a bolt of lightning at you!
The bolt of electricity hits you!
You die...

#####...#..................######
#####.....#.#...........####
......#.................#
.#<####.#...##..........#*****
,#.# #.#...##.....#####.,,,,*
*#+#**#.....##...#######..,,,*
,,,,,*####..#..........#...,,*
,,,,,*,,,...#...<......#....,*
,,,,,*,**##.#...@......#,,,,,* *
,,,,.#+####.#..h.......#,,,,,****
,**#....................,,,,,,,,,
,* #.........h~.......~.~,,~~,,,,
,* #........h..≈~..~SS≈≈~,,~,,,,,
,*##.........~~≈≈≈≈≈~~~≈~~~~,,,,,
,,,..#####z.~~~~≈≈≈~~..~~~~~,,,,,
.,**...........~≈~~...~.,~~~,,,,,
..###)).....~~~~~~..~..,~~~,~~,,,


You could see 3 hounds, 2 electric eels and a wight.

Vanquished Creatures
  Maggie (D:8)
  A troll (D:8)
  A wyvern (D:8)
  Eustachio (D:6)
  A steam dragon (D:4)
  A water moccasin (D:5)
  An orc warrior (D:7)
  3 sky beasts
  A black bear (D:6)
  An ogre (D:4)
  A centaur (D:6)
  A phantom (D:7)
  3 necrophages
  2 bullfrogs
  2 scorpions
  11 wights
  3 killer bees (D:7)
  2 electric eels (D:6)
  5 howler monkeys
  A hound (D:6)
  3 orc priests
  3 jellies
  A gnoll bouda (D:8)
  4 orc wizards
  Natasha (twice) (D:2)
  4 iguanas
  38 gnolls
  Robin (D:3)
  2 adders
  2 shadow imps (D:6)
  2 white imps (D:6)
  2 ufetubi
  A dart slug (D:6)
  28 orcs
  2 endoplasms
  37 goblins
  25 hobgoblins
  7 jackals
  7 kobolds
  2 quokkas
  3 ball pythons
  4 bats
  3 frilled lizards
  4 rats
230 creatures vanquished.

Vanquished Creatures (others)
  A hobgoblin (D:6)
1 creature vanquished.

Grand Total: 231 creatures vanquished

Notes
Turn   | Place    | Note
-------+----------+-------------------------------------------
     0 | D:1      | Pooter the Minotaur Berserker began the quest for the Orb.
     0 | D:1      | Reached XP level 1. HP: 19/19 MP: 0/0
    77 | D:1      | Found a faded altar of an unknown god.
   396 | D:1      | Reached skill level 4 in Axes
   533 | D:1      | Reached XP level 2. HP: 26/26 MP: 1/1
   884 | D:2      | Reached XP level 3. HP: 31/31 MP: 2/2
  1149 | D:2      | Reached skill level 1 in Ranged Weapons
  1151 | D:2      | Reached skill level 5 in Axes
  1259 | D:2      | Noticed Natasha
  1267 | D:2      | Killed Natasha
  1573 | D:2      | Noticed Natasha
  1584 | D:2      | Killed Natasha
  1585 | D:2      | Reached XP level 4. HP: 39/39 MP: 3/3
  1750 | D:3      | Identified the +6 dagger of Yhugoib {chaos, rElec rPois
                  | Str+8 Int-5}
  1887 | D:3      | Reached ** piety under Trog
  1936 | D:3      | Noticed Robin
  1949 | D:3      | Killed Robin
  2056 | D:3      | Reached skill level 6 in Axes
  2056 | D:3      | Reached XP level 5. HP: 45/45 MP: 4/4
  2507 | D:4      | Found an ornate altar of the Wu Jian Council.
  2551 | D:4      | Found a staircase to the Ecumenical Temple.
  2560 | D:4      | Noticed a steam dragon
  2570 | D:4      | Killed a steam dragon
  2571 | D:4      | Reached XP level 6. HP: 52/52 MP: 5/5
  2644 | D:4      | Reached skill level 1 in Evocations
  3054 | D:4      | Found a hazy altar of Hepliaklqana.
  3276 | D:5      | Entered Level 5 of the Dungeon
  3389 | D:4      | Reached skill level 7 in Axes
  3526 | D:5      | Reached XP level 7. HP: 25/60 MP: 6/6
  3927 | D:4      | Reached skill level 5 in Ranged Weapons
  4047 | D:5      | Identified the +6 spear "Bus Ges" {freeze, Int+4}
  4268 | D:5      | Reached skill level 5 in Fighting
  4747 | D:6      | Noticed Eustachio
  4756 | D:6      | Reached skill level 8 in Axes
  4765 | D:6      | Killed Eustachio
  4765 | D:6      | Reached *** piety under Trog
  4766 | D:6      | Reached XP level 8. HP: 63/68 MP: 7/7
  5085 | D:6      | Reached skill level 9 in Axes
  6073 | D:6      | Reached **** piety under Trog
  6108 | D:6      | Reached XP level 9. HP: 69/75 MP: 8/8
  6571 | D:6      | Found a snail-covered altar of Cheibriados.
  7059 | D:7      | Reached skill level 10 in Axes
  7888 | D:7      | Found a burning altar of Makhleb.
  8654 | D:8      | Reached skill level 11 in Axes
  8655 | D:8      | Noticed a troll
  8666 | D:8      | Killed a troll
  8667 | D:8      | Reached XP level 10. HP: 63/86 MP: 9/9
  8684 | D:8      | Noticed Maggie
  8692 | D:8      | Killed Maggie
  8700 | D:8      | Killed from afar by an electric eel

Illustrated notes

Levels and vault maps discovered:
D:1:      doesnt_arrival_eight_statues, layout_basic,
          shapermc_ecumenical_altar_mp_highgroup
D:2:      layout_basic, uniq_natasha
D:3:      layout_basic, uniq_robin
D:4:      layout_basic, nzn_wu_jian_contemplation, lemuel_round_altar,
          minmay_temple_entry_arrows
D:5:      minmay_spotlight, layout_cave_pools, minivault_4, grunt_decor_junction
D:6:      minmay_goblin_kobold_castle, layout_rooms, kennysheep_slug_shrine,
          minmay_misc_feat_nine_boxes, uniq_eustachio
D:7:      layout_layer_cave, mainiacjoe_overflow_paths
D:8:      cheibrodos_shockbox, layout_basic, erik_lair_island,
          lemuel_another_geyser, uniq_maggie, uniq_amaemon

Skill      XL: |  1  2  3  4  5  6  7  8  9 |
---------------+----------------------------+-----
Axes           | 4 5 6 7 8 9 11 | 11.2
Ranged Weapons | 2 3 4 6 7 9 |  9.4
Fighting       | 4 5 6 7 |  7.4
Evocations     | 1 2 3 4 |  4.8
Armour         | |  2.4
Dodging        | |  2.1

Action                   |  1- 3 |  4- 6 |  7- 9 | 10-12 || total
-------------------------+-------+-------+-------+-------++-------
Melee: Hand axe          |    49 |    16 |       |       ||    65
       Headbutt          |     6 |     8 |    45 |     4 ||    63
       Punch             |     1 |       |       |       ||     1
       Trident           |       |    29 |       |       ||    29
       War axe           |       |     5 |   282 |     9 ||   296
       Spear             |       |       |     9 |       ||     9
 Fire: Sling             |    19 |    47 |   106 |       ||   172
Throw: Dart              |     1 |       |       |       ||     1
       Javelin           |       |     9 |       |       ||     9
Invok: Berserk           |     3 |     3 |     9 |       ||    15
       Trog's Hand       |       |     2 |     4 |       ||     6
Evoke: Wand              |       |     4 |     6 |       ||    10
  Use: Scroll            |     2 |     6 |     9 |     1 ||    18
 Stab: Sleeping          |     1 |       |       |       ||     1
       Paralysed         |       |       |     4 |       ||     4
Armor: Animal skin       |     4 |       |       |       ||     4
       Chain mail        |    29 |    29 |    27 |       ||    85
       Plate armour      |       |       |   162 |     1 ||   163
Dodge: Dodged            |    29 |    45 |   167 |     7 ||   248
Block: Buckler           |       |       |    40 |     3 ||    43
